[Event "*** Titled Tuesday Blitz"]
[Site "Chess.com"]
[Date "2020.04.07"]
[Round "6"]
[White "jefferyx"]
[Black "DrMelekess"]
[Result "1-0"]
[WhiteElo "2908"]
[BlackElo "2715"]
[TimeControl "180+1"]
[EndTime "14:08:30 PDT"]
[Termination "jefferyx won on time"]

1. d4 Nc6 2. Nf3 d6 3. e4 e5 4.
dxe5 Nxe5 5. Nxe5 dxe5 6. Qxd8+ Kxd8 7. Bc4 Be6 8. Bxe6 fxe6 9. Nd2 Nf6 10. f3 Bc5 11. Nc4 Nd7 12. Bg5+ Ke8 13. a4 h6 14. Bh4 g5 15. Bg3 Bd6 16. Ke2 Ke7 17. Rad1 b6 18.
Rd2 Rac8 19. Rhd1 Rhd8 20. c3 Nc5 21. Nxe5 Bxe5 22. Bxe5 Rxd2+ 23. Kxd2 Rd8+ 24. Kc2 Rxd1 25. Kxd1 Nd3 26. Bg7 Nxb2+ 27. Kc2 Nxa4 28. Bxh6 Kf6 29. f4 g4 30. Bf8 c5 31. Kb3 b5 32. c4 a6 33. Bd6 Nb6 34. cxb5 axb5 35. Bxc5 Nc4 36.
Kc3 Kg6 37. Kd3 Kf6 38. Bb4 Kg6 39. Be1 Kf6 40. Bc3+ Kg6 41. Kd4 Kf7 42. h3 gxh3 43. gxh3 Kg6 44. Kc5 Ne3 45. Kxb5 Ng2 46. Bd2 Nh4 47. Kc5 Nf3 48. Bc3 Ng1 49. h4 Nf3 50. Kd6 Kf7 51. h5 Nh2 52. h6 Ng4 53. h7 1-0

[Event "*** Titled Tuesday Blitz"]
[Site "Chess.com"]
[Date "2020.04.07"]
[Round "6"]
[White "PauloCesarCosta_sad"]
[Black "tamarozi99"]
[Result "0-1"]
[WhiteElo "2127"]
[BlackElo "1941"]
[TimeControl "180+1"]
[EndTime "14:08:30 PDT"]
[Termination "tamarozi99 won on time"]

1. Nf3 g6 2. d4 Bg7 3. Bf4 d6 4. e3 Nf6 5. Be2 O-O 6. O-O b6 7. h3 Nbd7 8. Nbd2 Bb7 9. c3 Qe8 10. Qa4 e5 11. dxe5 dxe5 12. Bg5 h6 13. Bh4 Nc5 14.
Qxe8 Rfxe8 15. Rfd1 a5 16. Nb3 Nfe4 17. Nxc5 Nxc5 18.
Bb5 c6 19. Be2 f5 20. Bg3 Ne4 21. Bc4+ Kf8 22. Rd7 Re7 23. Rxe7 Kxe7 24. Bxe5 Bxe5 25. Nxe5 Kf6 26. Nd7+ Ke7 27. Nxb6 Rd8 28. Na4 Rd2 29. Rf1 g5 30. a3 g4 31. hxg4 fxg4 32. g3 c5 33. b3 Nxg3 34. Re1 Ne4 35. Rf1 h5 36. Nb6 Nxc3 37. Re1 Ne4 38. Re2 Rxe2 39. Bxe2 Nd2 40. Nc4 Nxb3 41. Bd1 a4 42. Nb2 Bc6 43. Nc4 Ke6 44.
Nb2 Kd5 45. Bc2 Na1 0-1

[Event "*** Titled Tuesday Blitz"]
[Site "Chess.com"]
[Date "2020.04.07"]
[Round "6"]
[White "Kislov_Oleg"]
[Black "1lec"]
[Result "0-1"]
[WhiteElo "2425"]
[BlackElo "2094"]
[TimeControl "180+1"]
[EndTime "14:08:30 PDT"]
[Termination "1lec won on time"]

1. e4 c5 2. Nf3 d6 3. c3 Nf6 4.
Be2 Nc6 5. d4 cxd4 6. cxd4 Qa5+ 7.
Bd2 Qb6 8. d5 Nb8 9. Bc3 Bg4 10.
Nbd2 Nbd7 11. O-O g6 12. h3 Bxf3 13. Nxf3 Bg7 14. Bd4 Qa5 15. Qb3 O-O 16. Bd3 Rab8 17. Bc3 Qd8 18. Bd4 a6 19. a4 Qa5 20. Rfc1 Nh5 21.
Bxg7 Nxg7 22. Qa3 Rfc8 23. b4 Qd8 24. a5 Nh5 25. g3 Rxc1+ 26. Rxc1 Rc8 27. Kg2 Rxc1 28.
Qxc1 Nhf6 29. Nd4 Ne5 30. Bb1 Ne8 31. f4 Nd7 32. Bd3 Qc7 33. Qxc7 Nxc7 34. b5 axb5 35. Nxb5 Nxb5 36. Bxb5 Nc5 37. Kf3 Kf8 38. e5 dxe5 39.
fxe5 f6 40. e6 Kg7 41. Bc6 bxc6 42. dxc6 Na6 43. Ke4 Kf8 44. Kd5 Ke8 45. c7 Nxc7+ 46. Kc6 Na6 47. Kb6 Nb4 48. a6 Nxa6 49. Kxa6 f5 50.
Kb5 Kf8 51. Kc5 Kg7 52. Kd5 Kf6 53. h4 h6 0-1

[Event "*** Titled Tuesday Blitz"]
[Site "Chess.com"]
[Date "2020.04.07"]
[Round "6"]
[White "JoakimVonAnd"]
[Black "Mr_Sinigami"]
[Result "0-1"]
[WhiteElo "2483"]
[BlackElo "2607"]
[TimeControl "180+1"]
[EndTime "14:08:31 PDT"]
[Termination "Mr_Sinigami won by checkmate"]

1. d4 Nf6 2. c4 c5 3. d5 b5 4. cxb5 a6 5. e3 d6 6. Nc3 g6 7. Nf3 Bg7 8. a4 O-O 9. Ra3 Nbd7 10. e4 axb5 11. Bxb5 Ba6 12. O-O Qb6 13.
Qe2 Rfb8 14. Be3 Ne8 15. Qc2 Bxc3 16. Qxc3 Bxb5 17. axb5 Qxb5 18. Rxa8 Rxa8 19. e5 Rb8 20.
Bg5 Qxb2 21. Qxb2 Rxb2 22. exd6 exd6 23. Re1 Nef6 24. Bf4 Rb6 25. Bh6 Rb8 26. Bf4 Nxd5 27. Bxd6 Rc8 28. Rd1 N7f6 29. g4 h6 30. h4 Nc3 31.
Rd3 Nfe4 32. Be5 Nb5 33. Re3 f5 34. gxf5 gxf5 35. Rb3 Nbd6 36. Rb6 Nf7 37. Rg6+ Kf8 38. Bg7+ Ke7 39. Ne5 Nxe5 40. Bxe5 c4 41. Rxh6 c3 42. Bxc3 Rxc3 43. Ra6 Rc1+ 44. Kg2 Rc2 45. Ra4 Rxf2+ 46. Kh3 Kf6 47. Ra6+ Ke5 48. Ra5+ Kf4 49. h5 Ng5+ 50.
Kh4 Rh2# 0-1

[Event "*** Titled Tuesday Blitz"]
[Site "Chess.com"]
[Date "2020.04.07"]
[Round "6"]
[White "Kiborg95"]
[Black "AryanTari"]
[Result "0-1"]
[WhiteElo "2676"]
[BlackElo "2892"]
[TimeControl "180+1"]
[EndTime "14:08:32 PDT"]
[Termination "AryanTari won by resignation"]

1. e4 c6 2. d4 d5 3. e5 Bf5 4.
h4 c5 5. dxc5 Nc6 6. Bb5 Bd7 7.
Bxc6 bxc6 8. c3 a5 9. Qd4 Nh6 10.
Bxh6 gxh6 11. e6 Rg8 12. exd7+ Qxd7 13. g3 Rg4 14. Qd3 e5 15. Qe2 Bxc5 16. Nd2 Qf5 17. Ngf3 f6 18. O-O-O a4 19. Nh2 Rg7 20. Rhf1 Rb8 21.
f4 Ba3 22. bxa3 Rgb7 23. fxe5 Rb1+ 24. Nxb1 Rxb1+ 25. Kd2 Rb2+ 26. Ke1 Rxe2+ 27. Kxe2 Qxe5+ 28. Kd2 Qxg3 29. Nf3 Qg2+ 30. Kd3 Qxa2 31. Nd4 c5 32. Nc2 Qc4+ 33. Kd2 Qxh4 34. Rde1+ Kd7 35. Re2 Qg5+ 36.
Kd1 h5 37. Ref2 Ke6 38. Re2+ Kf7 39. Ne3 d4 40. cxd4 cxd4 41. Nf5 d3 42. Re7+ Kf8 43. Rd7 Qg2 44. Rd8+ Kf7 45. Rd7+ Ke8 46. Re7+ Kd8 47. Ne3 Qe2+ 48. Kc1 d2+ 49. Kc2 d1=Q+ 0-1

[Event "*** Titled Tuesday Blitz"]
[Site "Chess.com"]
[Date "2020.04.07"]
[Round "6"]
[White "Noam_Vitenberg"]
[Black "TheCavemanChesss"]
[Result "1-0"]
[WhiteElo "2454"]
[BlackElo "2605"]
[TimeControl "180+1"]
[EndTime "14:08:32 PDT"]
[Termination "Noam_Vitenberg won by resignation"]

1. e4 c5 2. Nf3 d6 3. d4 cxd4 4. Nxd4 Nf6 5. f3 e5 6. Nb3 Be6 7.
c4 Nbd7 8. Nc3 Rc8 9. Be3 Bxc4 10. Bxc4 Rxc4 11. O-O Be7 12. Qd3 Rc6 13. Rfd1 a6 14.
Nd2 O-O 15. a4 Qc7 16. Nd5 Nxd5 17. exd5 Rc2 18. Rab1 f5 19. Bf2 e4 20. fxe4 Ne5 21.
Qh3 Bg5 22. Be3 Bxe3+ 23. Qxe3 f4 24. Qh3 Qc5+ 25. Kh1 Qf2 26. Nf3 Nc4 27. Rf1 Qb6 28. Ng5 h6 29. Qe6+ Kh8 30. Nf7+ Rxf7 31. Qxf7 Ne3 32. Qf8+ Kh7 33. Rg1 Qd4 34. Qxf4 Rd2 35.
Qf3 Kg8 36. Rbe1 Nc2 37. Ref1 Ne3 38. Qf7+ Kh7 39. Rf2 Rxf2 40. Qxf2 Qxe4 41. Qf3 Qxf3 42. gxf3 Nxd5 43. Rd1 Nb6 44. Rxd6 Nxa4 45. b3 Nc5 46. Rb6 Kg8 47. b4 Kf7 48. bxc5 a5 49. Rxb7+ Ke6 50.
Ra7 Kd5 51. Rxa5 Kc6 52. Ra7 Kxc5 53. Rxg7 Kd4 54. Rg6 Ke3 55. Rxh6 Kxf3 56. Rg6 Kf4 57. Rg1 Kf5 58. h3 Kf4 59. h4 Kf3 60. h5 Kf2 61. h6 Kf3 62. h7 Kf4 63. h8=Q Kf5 64. Qh2 Kf6 65. Rg3 Kf5 66. Qh4 Ke6 67. Rg5 Kf6 68.
Qh6+ Kf7 69. Rg7+ 1-0

[Event "*** Titled Tuesday Blitz"]
[Site "Chess.com"]
[Date "2020.04.07"]
[Round "6"]
[White "powermove"]
[Black "MasterKroket"]
[Result "1/2-1/2"]
[WhiteElo "1505"]
[BlackElo "2473"]
[TimeControl "180+1"]
[EndTime "14:08:33 PDT"]
[Termination "Game drawn by repetition"]

1. e4 c5 2. Nf3 e6 3. d4 cxd4 4. Nxd4 Nc6 5. Nb5 d6 6. c4 Nf6 7. N1c3 a6 8. Na3 b6 9. Be2 Bb7 10. O-O Nb8 11. f3 Be7 12. Be3 Nbd7 13. Qd2 O-O 14.
Nc2 Rc8 15. b3 Qc7 16. a4 d5 17. exd5 exd5 18. Rac1 Bd6 19. f4 Rfe8 20. Bd4 Bc5 21. Bd3 Ne4 22. Bxe4 dxe4 23. Ne3 Nf6 24. Bxf6 gxf6 25.
Kh1 Rcd8 26. Qe2 Rd3 27. Ncd5 Qd8 28. Qg4+ Kh8 29. Qh4 Bxe3 30. Nxf6 Kg7 31. Qg5+ Kh8 32. Qh6 Qxf6 33. Qxf6+ Kg8 34. Qg5+ Kh8 35. Qf6+ Kg8 36.
Qg5+ Kh8 37. Rce1 Bd4 38. f5 f6 39. Qh5 Rg8 40. Rf4 e3 41. Rf3 Bxf3 42. Qxf3 Rd2 43. h3 Rf2 44. Qe4 e2 45. Qxd4 Rf1+ 46. Kh2 Rxe1 47. Qxf6+ Rg7 48. Qf8+ Rg8 49. Qf6+ Rg7 50. Qf8+ Rg8 51. Qf6+ 1/2-1/2

[Event "*** Titled Tuesday Blitz"]
[Site "Chess.com"]
[Date "2020.04.07"]
[Round "6"]
[White "BvsN"]
[Black "arminmusovic"]
[Result "1/2-1/2"]
[WhiteElo "2316"]
[BlackElo "2513"]
[TimeControl "180+1"]
[EndTime "14:08:33 PDT"]
[Termination "Game drawn by agreement"]

1. d4 d5 2. c4 c5 3. cxd5 Qxd5 4. Nf3 cxd4 5. Nc3 Qa5 6. Nxd4 Nf6 7. g3 e5 8. Nb3 Qc7 9. Bg2 Bb4 10. O-O Bxc3 11. bxc3 O-O 12. Bg5 Qe7 13. Na5 Nbd7 14. Nxb7 Bxb7 15. Bxb7 Rad8 16. Qc2 Nc5 17. Bg2 Rc8 18.
Rfd1 h6 19. Be3 Rc7 20. Rd2 Ne6 21. Rad1 Rfc8 22. Qa4 Rxc3 23. Qxa7 Qxa7 24. Bxa7 Ra3 25. Be3 Ng4 26. Bb6 Rb8 27. h3 Rxb6 28. hxg4 g6 29. Bd5 Kg7 30. Kg2 Nd4 31. e3 Ne6 32. Bc4 Ng5 33. Rd7 Rc3 34. Bb3 Rf6 35. R1d2 e4 36.
R7d6 Rc6 37. Rxf6 Rxf6 38. Kf1 Rc6 39. Rc2 Rd6 40. Rb2 Nf3 41. Ke2 f5 42. gxf5 gxf5 43. a4 Rc6 44. Rc2 Rb6 45. Rc3 Ng1+ 46. Kd1 Rd6+ 47. Ke1 Nf3+ 48. Kf1 Rd2 49. Rc1 Rb2 50. Bd1 1/2-1/2

[Event "*** Titled Tuesday Blitz"]
[Site "Chess.com"]
[Date "2020.04.07"]
[Round "6"]
[White "Rogue_King"]
[Black "MrrRefrao"]
[Result "0-1"]
[WhiteElo "2224"]
[BlackElo "2417"]
[TimeControl "180+1"]
[EndTime "14:08:33 PDT"]
[Termination "MrrRefrao won by checkmate"]

1. d4 Nf6 2. c4 g6 3. Nc3 Bg7 4. e4 d6 5. Be2 O-O 6. Nf3 e5 7. O-O Nc6 8. d5 Ne7 9. Ne1 Nd7 10. Nd3 f5 11. f3 f4 12. Bd2 g5 13. Rc1 Ng6 14.
c5 Nf6 15. Nf2 h5 16. Nb5 Rf7 17. Ba5 b6 18. cxd6 cxd6 19. Bb4 Ne8 20. Rc6 Bf8 21.
a4 a6 22. Na3 a5 23. Be1 Rg7 24. Qb3 Rb7 25. Nc4 Rab8 26. Nd3 g4 27. Bf2 g3 28.
Bxb6 Qh4 29. h3 Bxh3 30. Rc1 Bd7 31. Qa2 Qh2+ 32. Kf1 Rxb6 33. Ke1 Rb3 34. Nxd6 Bxd6 35. Rxd6 Nxd6 36. Nc5 Qg1+ 37. Kd2 Qe3+ 38. Kd1 Qg1+ 39.
Kc2 Qd4 40. Nxb3 Qe3 41. Kb1 Qxe2 42. Rc2 Qd1+ 43. Rc1 Qd3+ 44. Ka1 Nc4 45. Nxa5 Rxb2 46. d6 Rxa2+ 47. Kxa2 Be6 48. Nb3 Qe2+ 49. Kb1 Qb2# 0-1

[Event "*** Titled Tuesday Blitz"]
[Site "Chess.com"]
[Date "2020.04.07"]
[Round "6"]
[White "kuli4ik"]
[Black "asms9699"]
[Result "1-0"]
[WhiteElo "2784"]
[BlackElo "2605"]
[TimeControl "180+1"]
[EndTime "14:08:34 PDT"]
[Termination "kuli4ik won by resignation"]

1. d4 d5 2. Nf3 Nf6 3. Bf4 e6 4.
e3 c5 5. dxc5 Nc6 6. Be2 Bxc5 7.
O-O O-O 8. c4 b6 9. Nc3 dxc4 10.
Bxc4 Bb7 11. Qe2 Rc8 12. Rfd1 Qe7 13. a3 Rfd8 14. Bg5 h6 15. Bh4 Rxd1+ 16. Rxd1 Na5 17.
Ba6 Bxa3 18. Bxf6 gxf6 19. Bxb7 Qxb7 20. Nd4 Bf8 21. Qg4+ Bg7 22. Ndb5 f5 23. Qg3 Qe7 24. h3 Nc4 25. b3 Ne5 26. Ne2 a6 27. Nbd4 Qg5 28. Qh2 Qe7 29. Qg3 Ng6 30. Nf4 Nxf4 31. Qxf4 Kh8 32. Qg3 Rd8 33. Rc1 Bxd4 34. exd4 Rxd4 35.
Qe5+ Kh7 36. Qxd4 Qg5 37. Qc4 b5 38. Qc7 Kg7 39. Rf1 a5 40. Qe5+ Kh7 41. Qxb5 Qd2 42.
Qa4 Kg6 43. g3 h5 44. h4 e5 45. Qc6+ f6 46. Qf3 Qc2 47. Qd1 Qc3 48. Re1 f4 49.
gxf4 exf4 50. Qe2 Qh3 51. Qe4+ Kg7 52. Qg2+ 1-0

[Event "*** Titled Tuesday Blitz"]
[Site "Chess.com"]
[Date "2020.04.07"]
[Round "6"]
[White "erlesfar"]
[Black "Cocaino74"]
[Result "0-1"]
[WhiteElo "2012"]
[BlackElo "2259"]
[TimeControl "180+1"]
[EndTime "14:08:34 PDT"]
[Termination "Cocaino74 won by checkmate"]

1. e4 c5 2. d4 cxd4 3. c3 Nf6 4. e5 Nd5 5. Nf3 d6 6. Bc4 Nb6 7. Bb3 e6 8. exd6 dxc3 9. Nxc3 Bxd6 10. O-O Na6 11.
Qe2 Nc5 12. Bc2 Bd7 13. Rd1 Qe7 14. b4 Nca4 15. Nxa4 Nxa4 16. Bxa4 Bxa4 17. Rd4 a6 18. Bb2 Rc8 19. Rf4 Bxf4 20. Qe4 Bd6 21. Bxg7 Bc6 22. Qd4 Rg8 23. Bf6 Bxf3 24. Bxe7 Rxg2+ 25. Kf1 Rxh2 26. Ke1 Kxe7 27. Kd2 Bd5 28. Rc1 Rxc1 29. Kxc1 h5 30. Qg7 Rh1+ 31. Kb2 Rh2 32. Qg5+ Kd7 33. Qf6 Ke8 34. b5 axb5 35. Qh8+ Ke7 36. Qd4 h4 37. Kc3 h3 38. Qe3 Rh1 39. Qg5+ Ke8 40. Qg8+ Ke7 41. Qg5+ Kd7 42. Qf6 Be7 43. Qe5 h2 44. Qb8 Rc1+ 45.
Kd2 h1=Q 46. a4 Qe1+ 47. Kd3 Be4+ 48. Kd4 Bc5+ 49. Ke5 f6+ 50. Kxf6 Qxf2+ 51. Kg7 Rg1+ 52. Kh8 Qh4# 0-1

[Event "*** Titled Tuesday Blitz"]
[Site "Chess.com"]
[Date "2020.04.07"]
[Round "6"]
[White "StockholmMissile"]
[Black "Malev212"]
[Result "1-0"]
[WhiteElo "2411"]
[BlackElo "2569"]
[TimeControl "180+1"]
[EndTime "14:08:35 PDT"]
[Termination "StockholmMissile won by resignation"]

1. d4 d6 2. Nf3 Nf6 3. c4 Nbd7 4.
Nc3 g6 5. g3 Bg7 6. Bg2 O-O 7.
O-O e5 8. e4 a6 9. Re1 c6 10.
b3 b5 11. Bb2 bxc4 12. bxc4 Rb8 13. Rb1 Qa5 14. Qa4 Qxa4 15. Nxa4 Rb4 16. Nc3 exd4 17.
Nxd4 Rxc4 18. Rbd1 Bb7 19. Bf1 Rb4 20. Ba3 a5 21.
Bxb4 axb4 22. Nb1 Ra8 23. Nc2 c5 24. a3 b3 25. Ne3 Nxe4 26. Bg2 Bd4 27. Nd2 f5 28. Nxb3 Bc3 29. Re2 Rxa3 30. Nc1 Ne5 31. Rc2 Bd4 32. Ra2 Rxa2 33. Nxa2 Kg7 34. Rb1 Bc6 35. Nc1 Bxe3 36. fxe3 Nc4 37. Rb3 Kf6 38. Ne2 g5 39. Nc3 Ned2 40. Rb8 Bxg2 41. Kxg2 Nxe3+ 42. Kf2 Ng4+ 43. Ke2 Ne4 44. Nxe4+ fxe4 45. h3 Ke5 46.
hxg4 d5 47. Rb7 Kd4 48. Rxh7 c4 49. Rg7 c3 50. Rc7 1-0

[Event "*** Titled Tuesday Blitz"]
[Site "Chess.com"]
[Date "2020.04.07"]
[Round "6"]
[White "Alohamora11"]
[Black "mmaks007"]
[Result "0-1"]
[WhiteElo "2459"]
[BlackElo "2330"]
[TimeControl "180+1"]
[EndTime "14:08:35 PDT"]
[Termination "mmaks007 won by checkmate"]

1. e4 g6 2. d4 Bg7 3. Nc3 d6 4. f4 a6 5. a4 Nc6 6. Nf3 Bg4 7. d5 Nb4 8. Be2 e6 9. O-O c6 10. Be3 exd5 11. exd5 Nf6 12. dxc6 bxc6 13. a5 O-O 14. Bb6 Qd7 15. h3 Bf5 16. Nd4 Nfd5 17. Nxd5 Nxd5 18. Nxf5 Qxf5 19. Bg4 Qe4 20. Bf3 Qc4 21. Bxd5 cxd5 22.
c3 Rfe8 23. Rf3 Re4 24. Rd3 Rxf4 25. Rxd5 Rf1+ 26. Qxf1 Qxd5 27. Rd1 Qe6 28. Qf3 Re8 29. Qd3 Qb3 30. Rf1 d5 31. Bd4 Bxd4+ 32. Qxd4 Qxb2 33. Qxd5 Rf8 34. c4 Qb4 35. h4 h5 36. g4 hxg4 37. h5 Qb3 38. Qg2 Qe3+ 39. Kh1 gxh5 40. Rf5 Qh6 41. Qh2 Rd8 42. Qxh5 Rd1+ 43. Kg2 Qd2+ 44. Rf2 Qd7 45. Qg5+ Kf8 46. Re2 Qc6+ 47. Kg3 Rg1+ 48. Kh2 Qh1# 0-1

[Event "*** Titled Tuesday Blitz"]
[Site "Chess.com"]
[Date "2020.04.07"]
[Round "6"]
[White "freshfoodcompany"]
[Black "ersekitamara"]
[Result "0-1"]
[WhiteElo "2220"]
[BlackElo "1916"]
[TimeControl "180+1"]
[EndTime "14:08:36 PDT"]
[Termination "ersekitamara won on time"]

1. d4 Nf6 2. c4 e6 3. Nc3 Bb4 4. e3 d6 5. Bd3 O-O 6. Ne2 Nc6 7.
O-O Bxc3 8. Nxc3 e5 9. b3 h6 10. Bb1 Qe7 11. Bb2 Bg4 12. f3 Bh5 13. d5 Nb8 14. g4 Bg6 15. Bxg6 fxg6 16. Qc2 Qf7 17.
Ne4 Nbd7 18. Rf2 Nxe4 19. Qxe4 Nc5 20. Qc2 a5 21. Raf1 Qf6 22. Qe2 Qh4 23. Rg2 Rf7 24. Rg3 Raf8 25. Kg2 e4 26. f4 Nd3 27. Ba1 Qe7 28.
Rd1 g5 29. f5 Ne5 30. Bxe5 Qxe5 31. Kh1 g6 32. fxg6 Rf2 33. Qe1 Kg7 34. Rg2 R2f3 35. Qe2 Kxg6 36. Rdg1 Qc3 37. Rg3 Rf2 38. Qe1 Qc2 39. R3g2 Rxg2 40. Rxg2 Qd3 41. Rg1 Rf3 42. Qd1 Qxe3 43. Qe1 Qf4 44. Qc1 e3 45. Qc2+ Kg7 46. Qc3+ Qf6 47. Qxf6+ Kxf6 48. Kg2 Rf2+ 49. Kg3 Rxa2 50.
Re1 e2 51. Kf3 Ke5 52. Ke3 c6 53. dxc6 bxc6 54. Kd3 d5 55. cxd5 cxd5 56. h3 d4 0-1

[Event "*** Titled Tuesday Blitz"]
[Site "Chess.com"]
[Date "2020.04.07"]
[Round "6"]
[White "Vuk2000"]
[Black "youngKID"]
[Result "0-1"]
[WhiteElo "2634"]
[BlackElo "2823"]
[TimeControl "180+1"]
[EndTime "14:08:38 PDT"]
[Termination "youngKID won by resignation"]

1. d4 Nf6 2. Bg5 d5 3. e3 Nbd7 4. c4 e6 5. Nc3 h6 6. Bh4 Be7 7. Nf3 O-O 8. Qc2 c5 9. cxd5 Nxd5 10. Bxe7 Qxe7 11. Nxd5 exd5 12. dxc5 Nxc5 13. Be2 Bg4 14. O-O Rac8 15. Nd4 Ne6 16. Qd3 Bxe2 17. Nxe2 Rfd8 18.
Rac1 Qb4 19. Rc2 Rxc2 20. Qxc2 d4 21. exd4 Nxd4 22. Nxd4 Qxd4 23. Re1 g6 24. g3 Qd2 25. Re2 Qd1+ 26. Kg2 Qd5+ 27. Qe4 Kf8 28. Qxd5 Rxd5 29. Kf3 Ra5 30. a3 Rb5 31. Ke4 Rb3 32. Kd5 a5 33. Kd6 b5 34. Ke5 Kg7 35. f4 h5 36. f5 g5 37. Rc2 a4 38. Ke4 b4 39. axb4 Rxb4+ 40. Ke5 Rb5+ 41. Ke4 Rb4+ 42. Ke5 f6+ 43. Ke6 Re4+ 44.
Kd6 Re5 45. Rc5 Re2 46. Rc7+ Kh6 47. Ra7 g4 48. Rxa4 Rxb2 49. Ra8 Kg5 50. Ke6 Re2+ 51. Kf7 Rxh2 52. Ra6 Rf2 53. Kg7 Rxf5 54. Ra1 Rf3 55. Ra5+ f5 56. Kf7 Rxg3 57. Ke6 Rf3 0-1

[Event "*** Titled Tuesday Blitz"]
[Site "Chess.com"]
[Date "2020.04.07"]
[Round "6"]
[White "kungmongmanh"]
[Black "AEMEffi"]
[Result "1-0"]
[WhiteElo "2536"]
[BlackElo "2344"]
[TimeControl "180+1"]
[EndTime "14:08:39 PDT"]
[Termination "kungmongmanh won by resignation"]

1. d4 d5 2. c4 c6 3. Nc3 Nf6 4. Nf3 a6 5. c5 Bg4 6. Ne5 Be6 7. Bf4 Nbd7 8. e3 g6 9. Be2 Bg7 10. Qb3 Ra7 11. O-O O-O 12. h3 Nxe5 13. Bxe5 Nd7 14. Bxg7 Kxg7 15. Bd3 f5 16. e4 f4 17. exd5 cxd5 18. f3 Bg8 19. Na4 e5 20. dxe5 Nxe5 21. Qc2 Ra8 22. Nb6 Rb8 23. Rae1 Nd7 24. Qc3+ Rf6 25. Na4 Rc8 26. b4 Rc7 27. Qd4 Nf8 28. Nb6 Re7 29. Kh2 Ne6 30. Qxd5 Qe8 31. Qe4 Rff7 32.
Qe5+ Kf8 33. Nd5 Rd7 34. Bc4 Ng7 35. Qxe8+ Nxe8 36. Re5 Rf5 37. Rfe1 Rxe5 38. Rxe5 Bxd5 39. Bxd5 Nf6 40. Be6 Rd4 41. a3 Rd3 42. a4 Rd4 43. b5 Rxa4 44. c6 bxc6 45. bxc6 Ra3 46. c7 Rc3 47. c8=Q+ Rxc8 48. Bxc8 1-0

[Event "*** Titled Tuesday Blitz"]
[Site "Chess.com"]
[Date "2020.04.07"]
[Round "6"]
[White "Tayson_7"]
[Black "Msb2"]
[Result "1-0"]
[WhiteElo "2740"]
[BlackElo "2913"]
[TimeControl "180+1"]
[EndTime "14:08:40 PDT"]
[Termination "Tayson_7 won on time"]

1. Nf3 d5 2. d4 Nf6 3. Bg5 Ne4 4. Bf4 c5 5. e3 Nc6 6. c3 Qb6 7. Qb3 c4 8. Qxb6 axb6 9. Nbd2 Nxd2 10. Kxd2 b5 11.
a3 Bf5 12. Be2 e6 13. Nh4 Na5 14. Bd1 Be4 15. f3 Bd3 16. g4 Be7 17. Ng2 h5 18. g5 h4 19. h3 Bf5 20. Bc2 Kd7 21.
Rae1 Bxc2 22. Kxc2 Rh5 23. Rhg1 Bxg5 24. Bxg5 Rxg5 25. Nxh4 Rxg1 26. Rxg1 Rh8 27. Rg4 g5 28. Ng2 Rxh3 29. f4 gxf4 30. Rxf4 f5 31. Rh4 Rf3 32. Rh7+ Kd6 33. Nf4 Rf2+ 34. Kd1 Rxb2 35. Rh6 Rb3 36.
Rxe6+ Kd7 37. Re5 Rxc3 38. Rxd5+ Kc7 39. Rxb5 Rxa3 40. Rxf5 Nb3 41. Kc2 Kc6 42. Rf6+ Kb5 43. Rf5+ Ka4 44. Nd5 Na1+ 45. Kb2 Rd3 46. Nc3+ Rxc3 47.
Kxc3 b5 48. Rf8 Nb3 49. Ra8+ Na5 50. d5 b4+ 51. Kc2 Kb5 52. d6 b3+ 53. Kc3 1-0

[Event "*** Titled Tuesday Blitz"]
[Site "Chess.com"]
[Date "2020.04.07"]
[Round "6"]
[White "Shtembuliak"]
[Black "VincentKeymer"]
[Result "1/2-1/2"]
[WhiteElo "2855"]
[BlackElo "2666"]
[TimeControl "180+1"]
[EndTime "14:08:40 PDT"]
[Termination "Game drawn - insufficient material"]

1. c4 e6 2. Nc3 Nf6 3. e4 d5 4. cxd5 exd5 5. e5 Ne4 6. Nf3 Be7 7. Nxe4 dxe4 8. Qa4+ Bd7 9. Qxe4 Bc6 10. Qg4 O-O 11. Bc4 Bxf3 12. Qxf3 Nc6 13. Qe4 Qd4 14. Qxd4 Nxd4 15.
O-O Rad8 16. d3 b5 17. Bb3 Bc5 18. Bd1 Rfe8 19. Bf4 Ne6 20. Bg3 Rxd3 21. Be2 Rd2 22. Bxb5 Rb8 23. a4 Rxb2 24. h4 Bd4 25. Kh2 R2xb5 26.
axb5 Bxa1 27. Rxa1 Rxb5 28. Rxa7 h5 29. f3 c5 30. Ra8+ Kh7 31. Rc8 Rb2 32. Kh3 Rc2 33. Bh2 g5 34. Bg3 c4 35. hxg5 Nxg5+ 36. Kh4 Ne6 37.
f4 Kg6 38. Rh8 Rxg2 39. Rxh5 Ng7 40. Rg5+ Kh6 41. f5 c3 42. Bf4 Rxg5 43. Bxg5+ Kh7 44. Kg4 Ne8 45. Bc1 Nc7 46. Kf4 Nd5+ 47. Ke4 Ne7 48. Bg5 Nc6 49. Bc1 Kg8 50. f6 Kf8 51. Kd5 Nb4+ 52.
Kc4 Na2 53. Be3 c2 54. Kd5 Nc3+ 55. Kd4 Ne2+ 56. Kd5 Ke8 57. e6 c1=Q 58. Bxc1 Nxc1 59. exf7+ Kxf7 60. Ke5 Nd3+ 61. Kf5 Nc5 62. Kg5 Nd7 63. Kh4 Nxf6 1/2-1/2

[Event "*** Titled Tuesday Blitz"]
[Site "Chess.com"]
[Date "2020.04.07"]
[Round "6"]
[White "wnstop"]
[Black "GuerrieroFromLevant"]
[Result "1-0"]
[WhiteElo "2588"]
[BlackElo "2327"]
[TimeControl "180+1"]
[EndTime "14:08:41 PDT"]
[Termination "wnstop won by resignation"]

1. e4 e6 2. d4 d5 3. Nd2 c5 4.
exd5 exd5 5. Ngf3 a6 6. Be2 Nf6 7. O-O Be7 8. dxc5 Bxc5 9. Nb3 Bb6 10. Nfd4 O-O 11. Bf3 Nc6 12. Bf4 Re8 13. c3 Ne4 14. Re1 Qf6 15. Be3 Ne5 16. Nd2 Nxd2 17. Qxd2 Nc4 18.
Bg5 Bd7 19. Qf4 Qxf4 20. Bxf4 Bxd4 21. cxd4 Bc6 22. b3 Nb2 23. Be3 Nd3 24. Red1 Nb4 25. Rd2 a5 26. a3 Na6 27. Rc1 Nc7 28. h4 Nb5 29. a4 Nd6 30. h5 h6 31. Rdc2 Nf5 32. Rc3 Re7 33. Bg4 Nd6 34. Bf4 Ne4 35. Re3 Rae8 36. Rce1 f5 37. Bxf5 Rf7 38. g4 Ref8 39.
f3 Nf6 40. Be6 Kh7 41. Bxf7 Rxf7 42. Re7 Rf8 43. Be5 Kg8 44. Kg2 Ne8 45. Bg3 Kh7 46. R1e6 Kg8 47. Rg6 Kh7 48. Be5 Rg8 49. f4 Rf8 50. Bxg7 Rxf4 51. Be5+ 1-0

[Event "*** Titled Tuesday Blitz"]
[Site "Chess.com"]
[Date "2020.04.07"]
[Round "6"]
[White "Walter_White_Poland"]
[Black "Chessmatus"]
[Result "0-1"]
[WhiteElo "2130"]
[BlackElo "2382"]
[TimeControl "180+1"]
[EndTime "14:08:41 PDT"]
[Termination "Chessmatus won on time"]

1. e4 c5 2. Nf3 d6 3. d4 cxd4 4. Nxd4 Nf6 5. Nc3 a6 6. Bg5 Nbd7 7. f4 Qc7 8. f5 b5 9. a3 Bb7 10. Qe2 h6 11. Bh4 Qc5 12. O-O-O Rb8 13. g4 b4 14.
Nb3 Qb6 15. Bf2 Nc5 16. axb4 Qxb4 17. Nxc5 dxc5 18. Bg3 Rc8 19. Bg2 e6 20. fxe6 fxe6 21. h4 Be7 22. g5 Nd7 23. Qh5+ Kd8 24. Qf7 Rf8 25. Rxd7+ Kxd7 26. Rd1+ Kc6 27. Qxe7 Kb6 28. Qxe6+ Ka7 29. gxh6 gxh6 30. Qxh6 Rfd8 31. Bd6 Qb6 32. Bf4 Qxh6 33. Bxh6 Rh8 34. Bg5 c4 35. Bf3 Rce8 36.
Rd7 Kb6 37. Rg7 Bc6 38. Nd5+ Bxd5 39. exd5 Re1+ 40. Kd2 Rhe8 41. h5 Rf1 42. Bd1 Rh1 43.
h6 Kc5 44. Rc7+ Kd4 45. Bf6+ Ke4 46. h7 Rh2+ 47. Be2 Kf5 48. h8=Q Rexe2+ 49. Kc3 Rxc2+ 50. Kd4 Rxh8 51. Bxh8 Rxb2 52. d6 Ke6 53. d7 Rb8 0-1

[Event "*** Titled Tuesday Blitz"]
[Site "Chess.com"]
[Date "2020.04.07"]
[Round "6"]
[White "HrvojeZagreb"]
[Black "Filip_Covic"]
[Result "0-1"]
[WhiteElo "2122"]
[BlackElo "2341"]
[TimeControl "180+1"]
[EndTime "14:08:42 PDT"]
[Termination "Filip_Covic won by resignation"]

1. d4 Nf6 2. Bf4 g6 3. Nc3 Bg7 4. e4 d6 5. Qd2 h6 6. O-O-O a6 7.
f3 b5 8. Qe3 Nh5 9. e5 Nxf4 10.
Qxf4 Bb7 11. exd6 cxd6 12. h4 h5 13. Kb1 Nd7 14. Nh3 Nf6 15. Ng5 Rc8 16. Bd3 O-O 17. g4 hxg4 18. h5 gxh5 19. Nh7 e5 20. Nxf6+ Qxf6 21. Qh2 h4 22. Ne4 Bxe4 23. Bxe4 g3 24.
Qxh4 Qxh4 25. Rxh4 Rfd8 26. d5 Kf8 27. Rg4 Rc4 28. Rxg3 Rdc8 29. Rg2 Bf6 30. Rdg1 Ke7 31. a3 a5 32. c3 b4 33. axb4 axb4 34. Rc1 bxc3 35.
Rxc3 Rxc3 36. bxc3 Rxc3 37. Rc2 Rxc2 38. Kxc2 Bg5 39.
Kd3 Bf4 40. Kc4 Be3 41. Kb5 Bc5 42. Kc6 Kf6 43. Kc7 Kg5 44. Kd7 f5 45. Bd3 Kf4 46. Be2 Ke3 47. Bd1 e4 48. fxe4 Kxe4 49. Ke6 f4 50. Bc2+ Ke3 51. Ba4 f3 52. Bb5 f2 53. Kf5 Kd2 54. Kg4 Ke1 55. Kf5 f1=Q+ 0-1